 Dungeon Crawl Stone Soup version 0.30-a0-365-ge7f957f1db (webtiles) character file.

Game seed: 6546251809305426684

2 MachoJfn the Magician (level 1, 0/10 HPs)
             Began as a Deep Elf Hedge Wizard on Nov 16, 2022.
             Slain by a bat (1 damage)
             ... on level 1 of the Dungeon.
             The game lasted 00:02:18 (83 turns).

MachoJfn the Magician (Deep Elf Hedge Wizard)         Turns: 83, Time: 00:02:19

Health: 0/10       AC:  2    Str:  7    XL:     1   Next: 25%
Magic:  7/8        EV: 12    Int: 18    God:
Gold:   0          SH:  0    Dex: 14    Spells: 8/9 levels left

rFire   . . .      SeeInvis .    a - +0 dagger
rCold   . . .      Faith    .    (no shield)
rNeg    . . .      Spirit   .    b - +0 robe
rPois   .          Reflect  .    c - +0 hat
rElec   .          Harm     .    (no cloak)
rCorr   .          Rampage  .    (no gloves)
Will    .....                    (no boots)
Stlth   ++........               (no amulet)
HPRegen 0.21/turn                (no ring)
MPRegen 0.11/turn                (no ring)

@: no status effects
A: no striking features
a: no special abilities


You were on level 1 of the Dungeon.
You visited 1 branch of the dungeon, and saw 1 of its levels.

Inventory:

Hand Weapons
 a - a +0 dagger (weapon)
 e - a +0 whip
Armour
 b - a +0 robe (worn)
 c - a +0 hat (worn)
Scrolls
 f - a scroll of silence {unknown}
Potions
 d - a potion of magic


   Skills:
 + Level 2.5 Dodging
 + Level 2.4 Stealth
 + Level 4.5 Spellcasting
 + Level 1.1 Conjurations
 + Level 1.1 Summonings
 + Level 1.1 Translocations


You had 8 spell levels left.
You knew the following spells:

 Your Spells              Type           Power      Damage    Failure   Level
a - Magic Dart            Conj           32%        1d4       9%          1

Your spell library contained the following spells:

 Spells                   Type           Power      Damage    Failure   Level
 Slow                     Hex            16%        N/A       14%         1
 Blink                    Tloc           16%        N/A       14%         2
 Call Imp                 Summ           8%         N/A       14%         2
 Cigotuvi's Dreadful Rot  Necr/Pois/Air  8%         N/A       22%         2
 Mephitic Cloud           Conj/Pois/Air  5%         N/A       34%         3


Dungeon Overview and Level Annotations

Branches:
Dungeon (1/15)

Altars:


Message History

You kill the frilled lizard!
A quokka comes into view.
Found a stone staircase leading down.
A bat comes into view.
You closely miss the bat. The bat barely misses you.
You miss the bat. The bat hits you.
You hit the quokka.
The quokka is heavily wounded.
The quokka bites you. The bat hits you.
You closely miss the quokka.
The quokka is heavily wounded.
The bat barely misses you. The bat hits you. The quokka closely misses you.
The bat hits you but does no damage.
The quokka bites you but does no damage.
You closely miss the quokka.
The quokka is heavily wounded.
The bat closely misses you. The bat misses you. The quokka closely misses you.
You hit the quokka but do no damage.
The quokka is heavily wounded.
The bat hits you but does no damage. The quokka completely misses you.
You barely miss the quokka.
The quokka is heavily wounded.
The bat hits you but does no damage. The quokka misses you.
You barely miss the quokka.
The quokka is heavily wounded.
The quokka bites you.
Casting: Magic Dart (safe; 9% risk of failure)
Confirm with . or Enter, or press ? or * to list all spells.
Aiming: Magic Dart (safe; 9% risk of failure)
Press: ? - help, Shift-Dir - straight line, f - quokka
Aim: a quokka (heavily wounded, 100% to hit)
The magic dart hits the quokka.
The quokka is severely wounded.
The bat barely misses you. The quokka bites you.
* * * LOW HITPOINT WARNING * * *
The quokka bites you but does no damage.
You barely miss the quokka. You punch the quokka, but do no damage.
The quokka is severely wounded.
The bat hits you.
You die...

#...#.#.#
#.......#
###..#....#
#.......#.# #
#.#.##..#.#
#...#.##....#
#
##..#.##.####
#...#.#.##.#
......r@##.#
.#...>b###.#
##..## #. #..
#. #. #


You could see a quokka and a bat.

Vanquished Creatures
  A bat (D:1)
  A frilled lizard (D:1)
  A rat (D:1)
3 creatures vanquished.

Notes
Turn   | Place    | Note
-------+----------+-------------------------------------------
     0 | D:1      | MachoJfn the Deep Elf Hedge Wizard began the quest for the
                  | Orb.
     0 | D:1      | Reached XP level 1. HP: 10/10 MP: 7/7
    83 | D:1      | Slain by a bat

Illustrated notes

Levels and vault maps discovered:
D:1:      lightli_arrival_statue_moat, layout_basic,
          hellmonk_ecumenical_altar_run_dry

Action                   || total
-------------------------++-------
Melee: Dagger            ||    16
       Punch             ||     1
 Cast: Magic Dart        ||     3
Armor: Robe              ||     7
Dodge: Dodged            ||    13

Table legend: (Time is in decaauts)
 A = Elapsed time spent in this place.
 B = Non-inter-level travel time spent in this place.
 C = Inter-level travel time spent in this place.
 D = Time resting spent in this place.
 E = Time spent auto-exploring this place.
 F = Levels seen in this place.
 G = Mean time per level.
                   A        B        C        D        E       F      G
               +--------+--------+--------+--------+--------+-----+--------+
         Total |     83 |     46 |     37 |      0 |      0 |   1 |   83.0 |
       Dungeon |     83 |     46 |     37 |      0 |      0 |   1 |   83.0 |
               +--------+--------+--------+--------+--------+-----+--------+

Top non-repeatable levels by time:
     D:1: 83 daAuts
